TOP OF THE 1ST |
Maize HS batting - Pitching for Broken Arrow HS : LHP Arnie Smeddon
|
Pitching: LHP Arnie Smeddon
|
|
Batting: RHB Lawrence Howard
|
0-0: Fly out, F7 (Flyball, 7M)
|
Batting: RHB Jorge Molina
|
0-0: SINGLE (Flyball, 4MD)
|
Batting: LHB Carl Hodge
|
0-0: Ball 1-0: Ball 2-0: Foul Ball, location: 2F 2-1: Swinging Strike 2-2: Fly out, F8 (Line Drive, 8LM) 2-2: Fly out, F8 (Line Drive, 8LM)
|
Batting: RHB Ryan Jackson
|
0-0: Ball 1-0: Swinging Strike 1-1: Foul Ball, location: 2F 1-2: Ball 2-2: Ball Single, Error in OF, E8, batter to second base Jorge Molina to third
|
Batting: SHB Ricardo Gómez
|
0-0: Ball 1-0: Swinging Strike 1-1: Foul Ball, location: 2F 1-2: Foul Ball, location: 2F 1-2: Ball 2-2: Foul Ball, location: 2F 2-2: Foul Ball, location: 2F 2-2: Ball 3-2: Foul Ball, location: 2F 3-2: Base on Balls
|
Batting: RHB Raúl González
|
0-0: Foul Ball, location: 2F 0-1: Called Strike 0-2: Ball 1-2: Ball 2-2: Ball 3-2: Strikes out looking
|
Top of the 1st over - 0 run(s), 2 hit(s), 1 error(s), 3 left on base; Maize HS 0 - Broken Arrow HS 0 |
BOTTOM OF THE 1ST |
Broken Arrow HS batting - Pitching for Maize HS : RHP Jonas Davis
|
Pitching: RHP Jonas Davis
|
|
Batting: RHB Irwin Robinson
|
0-0: Ball 1-0: Ball 2-0: Called Strike 2-1: Swinging Strike 2-2: Ball 3-2: Base on Balls
|
Batting: RHB George Green
|
0-0: Ball 1-0: Called Strike 1-1: Foul Ball, location: 2F 1-2: Ball 2-2: Ball 3-2: Fly out, F2 (Popup, 2LF)
|
Batting: RHB Júlio Hobbs
|
0-0: Called Strike 0-1: Ball 1-1: Foul Ball, location: 2F 1-2: Strikes out looking
|
Batting: RHB Christian Moss
|
0-0: Called Strike Irwin Robinson steals 2nd base 0-1: Foul Ball, location: 2F 0-2: Foul Ball, location: 2F 0-2: Strikes out swinging
|
Bottom of the 1st over - 0 run(s), 0 hit(s), 0 error(s), 1 left on base; Maize HS 0 - Broken Arrow HS 0 |
TOP OF THE 2ND |
Maize HS batting - Pitching for Broken Arrow HS : LHP Arnie Smeddon
|
Batting: RHB Juan Romero
|
0-0: Fly out, F9 (Flyball, 9M)
|
Batting: LHB James Macías
|
0-0: Ball 1-0: Called Strike 1-1: Ball 2-1: Ball 3-1: Called Strike 3-2: Foul Ball, location: 2F 3-2: Base on Balls
|
Batting: RHB Lorenzo Hernández
|
0-0: Ball James Macías steals 2nd base 1-0: Called Strike James Macías steals 3rd base 1-1: Swinging Strike 1-2: Ball 2-2: Ground out 5-3 (Groundball, 5S)
|
Batting: RHB Lawrence Howard
|
0-0: Ball 1-0: Ground out 1-3 (Groundball, 15S)
|
Top of the 2nd over - 0 run(s), 0 hit(s), 0 error(s), 1 left on base; Maize HS 0 - Broken Arrow HS 0 |
BOTTOM OF THE 2ND |
Broken Arrow HS batting - Pitching for Maize HS : RHP Jonas Davis
|
Batting: RHB Robert Cannon
|
0-0: DOUBLE (Line Drive, 9LS)
|
Batting: LHB António Chávez
|
0-0: Ball 1-0: Swinging Strike 1-1: Ball 2-1: Swinging Strike 2-2: Ball 3-2: Strikes out swinging
|
Batting: RHB Ronnie Starr
|
0-0: Ball 1-0: Ground out 6-3 (Groundball, 6M) Robert Cannon to third
|
Batting: RHB Víctor León
|
0-0: Ball 1-0: Fly out, F9 (Flyball, 9M)
|
Bottom of the 2nd over - 0 run(s), 1 hit(s), 0 error(s), 1 left on base; Maize HS 0 - Broken Arrow HS 0 |
TOP OF THE 3RD |
Maize HS batting - Pitching for Broken Arrow HS : LHP Arnie Smeddon
|
Batting: RHB Jorge Molina
|
0-0: Ball 1-0: Fly out, F4 (Popup, 4D)
|
Batting: LHB Carl Hodge
|
0-0: SINGLE (Groundball, 4MD)
|
Batting: RHB Ryan Jackson
|
0-0: TRIPLE (Line Drive, 8RD) Carl Hodge scores
|
Batting: SHB Ricardo Gómez
|
0-0: Ball 1-0: Ball 2-0: Foul Ball, location: 2F 2-1: Called Strike 2-2: Ball 3-2: Base on Balls
|
Batting: RHB Raúl González
|
0-0: Ball 1-0: Ground out 3-1 (Groundball, 34) Ryan Jackson scores Ricardo Gómez to second
|
Batting: RHB Juan Romero
|
0-0: Ball 1-0: Ball 2-0: Ball 3-0: Base on Balls
|
Batting: LHB James Macías
|
0-0: Ball 1-0: DOUBLE (Groundball, 3L) Ricardo Gómez scores Juan Romero to third Runner from 3rd tries for Home, SAFE, no throw or cutoff
|
Batting: RHB Lorenzo Hernández
|
0-0: Ball 1-0: Ball 2-0: Foul Ball, location: 2F 2-1: Swinging Strike 2-2: Foul Ball, location: 2F 2-2: Ground out 4-3 (Groundball, 4M)
|
Top of the 3rd over - 4 run(s), 3 hit(s), 0 error(s), 1 left on base; Maize HS 4 - Broken Arrow HS 0 |
BOTTOM OF THE 3RD |
Broken Arrow HS batting - Pitching for Maize HS : RHP Jonas Davis
|
Batting: RHB Rubén Hernández
|
0-0: Foul Ball, location: 2F 0-1: Foul Ball, location: 2F 0-2: Fly out, F6 (Popup, 4M)
|
Batting: RHB Irwin Robinson
|
0-0: Called Strike 0-1: Ground out 5-3 (Groundball, 5S)
|
Batting: RHB George Green
|
0-0: Swinging Strike 0-1: Called Strike 0-2: Ball 1-2: Ball 2-2: SOLO HOME RUN (Flyball, 7LD), Distance : 352 ft
|
Batting: RHB Júlio Hobbs
|
0-0: Ball 1-0: Ground out 5-3 (Groundball, 5S)
|
Bottom of the 3rd over - 1 run(s), 1 hit(s), 0 error(s), 0 left on base; Maize HS 4 - Broken Arrow HS 1 |
TOP OF THE 4TH |
Maize HS batting - Pitching for Broken Arrow HS : LHP Arnie Smeddon
|
Batting: RHB Lawrence Howard
|
0-0: Foul Ball, location: 2F 0-1: Swinging Strike 0-2: Strikes out swinging
|
Batting: RHB Jorge Molina
|
0-0: Foul Ball, location: 2F 0-1: Ball 1-1: Foul Ball, location: 2F 1-2: Ball 2-2: Foul Ball, location: 2F 2-2: Ball 3-2: Fly out, F6 (Line Drive, 6)
|
Batting: LHB Carl Hodge
|
0-0: DOUBLE (Flyball, 89M)
|
Batting: RHB Ryan Jackson
|
0-0: Called Strike 0-1: Called Strike 0-2: Ball 1-2: DOUBLE (Line Drive, 3D) Carl Hodge scores
|
Pitching: RHP Bill Pearson
|
|
Batting: SHB Ricardo Gómez
|
0-0: Ball 1-0: Ground out 4-3 (Groundball, 4)
|
Top of the 4th over - 1 run(s), 2 hit(s), 0 error(s), 1 left on base; Maize HS 5 - Broken Arrow HS 1 |
BOTTOM OF THE 4TH |
Broken Arrow HS batting - Pitching for Maize HS : RHP Jonas Davis
|
Batting: RHB Christian Moss
|
0-0: Fly out, F8 (Flyball, 8RM)
|
Batting: RHB Robert Cannon
|
0-0: SOLO HOME RUN (Flyball, 7LD), Distance : 356 ft
|
Batting: LHB António Chávez
|
0-0: Ball 1-0: Foul Ball, location: 2F 1-1: Foul Ball, location: 2F 1-2: Ball 2-2: TRIPLE (Line Drive, 3L)
|
Batting: RHB Ronnie Starr
|
0-0: SINGLE (Line Drive, 6MD) António Chávez scores
|
Batting: RHB Víctor León
|
0-0: Ball Ronnie Starr is caught stealing 2nd base 1-0: Ball 2-0: Called Strike 2-1: Ball 3-1: Base on Balls
|
Batting: RHB Rubén Hernández
|
0-0: Called Strike 0-1: Ball 1-1: Swinging Strike 1-2: Foul Ball, location: 2F 1-2: Fielders Choice at 2nd, U4 (Groundball, 4M)
|
Bottom of the 4th over - 2 run(s), 3 hit(s), 0 error(s), 1 left on base; Maize HS 5 - Broken Arrow HS 3 |
TOP OF THE 5TH |
Maize HS batting - Pitching for Broken Arrow HS : RHP Bill Pearson
|
Batting: RHB Raúl González
|
0-0: Ground out U3 (Groundball, 3)
|
Batting: RHB Juan Romero
|
0-0: Called Strike 0-1: Ball 1-1: Foul Ball, location: 2F 1-2: Hit by Pitch
|
Pinch Runner at 1st Russ Underwood:
|
|
Batting: LHB James Macías
|
0-0: Reached on Error, E4 (Line Drive, 4) Russ Underwood to second
|
Batting: RHB Lorenzo Hernández
|
0-0: Called Strike 0-1: Foul Ball, location: 2F 0-2: Strikes out looking
|
Batting: RHB Lawrence Howard
|
0-0: Called Strike 0-1: Swinging Strike 0-2: Ball 1-2: Ball 2-2: SINGLE (Line Drive, 78S) Russ Underwood to third James Macías to second
|
Batting: RHB Jorge Molina
|
0-0: Ball 1-0: Swinging Strike 1-1: Fly out, F8 (Flyball, 8LS)
|
Top of the 5th over - 0 run(s), 1 hit(s), 1 error(s), 3 left on base; Maize HS 5 - Broken Arrow HS 3 |
BOTTOM OF THE 5TH |
Broken Arrow HS batting - Pitching for Maize HS : RHP Jonas Davis
|
Now at SS: Russ Underwood
|
|
Batting: RHB Irwin Robinson
|
0-0: Called Strike 0-1: Called Strike 0-2: Foul Ball, location: 2F 0-2: Ball 1-2: Strikes out swinging
|
Batting: RHB George Green
|
0-0: Called Strike 0-1: Ball 1-1: Swinging Strike 1-2: Ball 2-2: Foul Ball, location: 2F 2-2: Foul Ball, location: 2F 2-2: Ball 3-2: Base on Balls
|
Batting: RHB Júlio Hobbs
|
0-0: Called Strike 0-1: Ball 1-1: Ball 2-1: SINGLE (Groundball, 56D) George Green to second
|
Batting: RHB Christian Moss
|
0-0: Ball 1-0: Ball 2-0: Called Strike 2-1: DOUBLE (Line Drive, 7LS) George Green scores Júlio Hobbs to third
|
Pitching: LHP Dan Thompson
|
|
Batting: RHB Robert Cannon
|
0-0: Called Strike 0-1: Ball 1-1: Swinging Strike 1-2: Ball 2-2: Fly out, F7 (Flyball, 7M) Runner from 3rd tags up, OUT at HOME
|
Bottom of the 5th over - 1 run(s), 2 hit(s), 0 error(s), 1 left on base; Maize HS 5 - Broken Arrow HS 4 |
TOP OF THE 6TH |
Maize HS batting - Pitching for Broken Arrow HS : RHP Bill Pearson
|
Batting: LHB Carl Hodge
|
0-0: Ball 1-0: Reached on error, E4 (Groundball, 4)
|
Batting: RHB Ryan Jackson
|
0-0: Foul Ball, location: 2F 0-1: Ball 1-1: Ball 2-1: Called Strike 2-2: DOUBLE (Line Drive, 56D) Carl Hodge to third
|
Batting: SHB Ricardo Gómez
|
0-0: Ball 1-0: Swinging Strike 1-1: 3-RUN HOME RUN (Flyball, 89XD), Distance : 412 ft
|
Batting: RHB Raúl González
|
0-0: Ball 1-0: TRIPLE (Flyball, 9LM)
|
Batting: RHB Russ Underwood
|
0-0: Called Strike 0-1: Ball 1-1: Ball 2-1: Swinging Strike 2-2: Ball 3-2: Base on Balls
|
Batting: LHB James Macías
|
0-0: Ball 1-0: Foul Ball, location: 2F 1-1: Called Strike 1-2: Strikes out swinging
|
Batting: RHB Lorenzo Hernández
|
0-0: Swinging Strike 0-1: Ball 1-1: Foul Ball, location: 2F 1-2: SINGLE (Line Drive, 4MD) Raúl González scores Russ Underwood to second Runner from 2nd tries for 3rd, SAFE, throw made to third
|
Pitching: LHP Jorge Rinlón
|
|
Batting: RHB Lawrence Howard
|
0-0: Ball 1-0: Ball 2-0: Called Strike 2-1: Fly out, F7 (Flyball, 7LM) Runner from 3rd tags up, SCORES, throw made
|
Batting: RHB Jorge Molina
|
0-0: Called Strike Single, Error in OF, E7, batter to second base Lorenzo Hernández to third
|
Batting: LHB Carl Hodge
|
0-0: Called Strike 0-1: Ball 1-1: Ball 2-1: Ball 3-1: Base on Balls
|
Batting: RHB Ryan Jackson
|
0-0: Ball 1-0: Ball 2-0: Fly out, F4 (Popup, 34)
|
Top of the 6th over - 5 run(s), 5 hit(s), 2 error(s), 3 left on base; Maize HS 10 - Broken Arrow HS 4 |
BOTTOM OF THE 6TH |
Broken Arrow HS batting - Pitching for Maize HS : LHP Dan Thompson
|
Batting: LHB António Chávez
|
0-0: Called Strike 0-1: Fly out, F4 (Popup, 4D)
|
Batting: RHB Ronnie Starr
|
0-0: SINGLE (Flyball, 6MD)
|
Batting: RHB Víctor León
|
0-0: Called Strike 0-1: Swinging Strike 0-2: Ball 1-2: Strikes out swinging
|
Batting: RHB Rubén Hernández
|
0-0: Called Strike 0-1: Ball 1-1: Ball 2-1: Swinging Strike 2-2: Fly out, F8 (Flyball, 78S)
|
Bottom of the 6th over - 0 run(s), 1 hit(s), 0 error(s), 1 left on base; Maize HS 10 - Broken Arrow HS 4 |
TOP OF THE 7TH |
Maize HS batting - Pitching for Broken Arrow HS : LHP Jorge Rinlón
|
Batting: SHB Ricardo Gómez
|
0-0: Swinging Strike 0-1: Ball 1-1: Foul Ball, location: 2F 1-2: Ball 2-2: Foul Ball, location: 2F 2-2: Ball 3-2: Foul Ball, location: 2F 3-2: Strikes out swinging
|
Batting: RHB Raúl González
|
0-0: Ball 1-0: Foul Ball, location: 2F 1-1: Swinging Strike 1-2: Strikes out swinging
|
Batting: RHB Russ Underwood
|
0-0: Ball 1-0: Ball 2-0: SINGLE (Flyball, 9S)
|
Batting: LHB James Macías
|
0-0: Ball 1-0: Ball 2-0: Ball 3-0: Called Strike 3-1: Base on Balls Russ Underwood to second
|
Batting: RHB Lorenzo Hernández
|
0-0: Ball 1-0: Swinging Strike 1-1: Called Strike 1-2: Reached on Error, E4 (Popup, 34D) Russ Underwood to third James Macías to second
|
Batting: RHB Lawrence Howard
|
0-0: Called Strike 0-1: Ball 1-1: Foul Ball, location: 2F 1-2: Ball 2-2: Fly out, F9 (Popup, 34D)
|
Top of the 7th over - 0 run(s), 1 hit(s), 1 error(s), 3 left on base; Maize HS 10 - Broken Arrow HS 4 |
BOTTOM OF THE 7TH |
Broken Arrow HS batting - Pitching for Maize HS : LHP Dan Thompson
|
Batting: RHB Irwin Robinson
|
0-0: Called Strike 0-1: Called Strike 0-2: Ground out 5-3 (Groundball, 56)
|
Pitching: RHP Donnie Carpenter
|
|
Batting: RHB George Green
|
0-0: DOUBLE (Flyball, 78D)
|
Batting: RHB Júlio Hobbs
|
0-0: Called Strike 0-1: Ball 1-1: Called Strike 1-2: Ball 2-2: Ball 3-2: Foul Ball, location: 2F 3-2: Reached on error, E6 (Groundball, 6) George Green scores
|
Batting: RHB Christian Moss
|
0-0: Ball 1-0: Ball 2-0: SINGLE (Line Drive, 78S) Júlio Hobbs to third
|
Batting: RHB Robert Cannon
|
0-0: Called Strike 0-1: Ball 1-1: Ball 2-1: Ball 3-1: Base on Balls Christian Moss to second
|
Batting: LHB António Chávez
|
0-0: Ball 1-0: Foul Ball, location: 2F 1-1: Foul Ball, location: 2F 1-2: Strikes out swinging
|
Batting: RHB Ronnie Starr
|
0-0: Ground out 4-3 (Groundball, 13)
|
Bottom of the 7th over - 1 run(s), 2 hit(s), 1 error(s), 3 left on base; Maize HS 10 - Broken Arrow HS 5 |
TOP OF THE 8TH |
Maize HS batting - Pitching for Broken Arrow HS : LHP Jorge Rinlón
|
Pitching: RHP Bob Freitas
|
|
Batting: RHB Jorge Molina
|
0-0: Ball 1-0: Ball 2-0: Called Strike 2-1: Swinging Strike 2-2: Foul Ball, location: 2F 2-2: SINGLE (Flyball, 89M)
|
Batting: LHB Carl Hodge
|
0-0: Ball Jorge Molina is caught stealing 2nd base 1-0: SINGLE (Line Drive, 9S)
|
Batting: RHB Ryan Jackson
|
0-0: Ball 1-0: Ball 2-0: Foul Ball, location: 2F 2-1: Called Strike 2-2: Foul Ball, location: 2F 2-2: Ball 3-2: Strikes out swinging
|
Batting: SHB Ricardo Gómez
|
0-0: Called Strike 0-1: Swinging Strike 0-2: Ball 1-2: Strikes out swinging
|
Top of the 8th over - 0 run(s), 2 hit(s), 0 error(s), 1 left on base; Maize HS 10 - Broken Arrow HS 5 |
BOTTOM OF THE 8TH |
Broken Arrow HS batting - Pitching for Maize HS : RHP Donnie Carpenter
|
Batting: RHB Víctor León
|
0-0: Ball 1-0: Called Strike 1-1: Ball 2-1: SINGLE (Line Drive, 7S)
|
Batting: RHB Rubén Hernández
|
0-0: Ball 1-0: Fly out, F4 (Popup, 4D)
|
Batting: RHB Irwin Robinson
|
0-0: Ball 1-0: Ball 2-0: Ball 3-0: Base on Balls Víctor León to second
|
Batting: RHB George Green
|
0-0: Called Strike 0-1: Ball 1-1: Foul Ball, location: 2F 1-2: Foul Ball, location: 2F 1-2: Foul Ball, location: 2F 1-2: Reached on error, E6 (Groundball, 6M) Víctor León to third Irwin Robinson to second
|
Pitching: RHP Dan Ramsey
|
|
Batting: RHB Júlio Hobbs
|
0-0: Foul Ball, location: 2F 0-1: Ground out 4-3 (Groundball, 4M) Víctor León scores Irwin Robinson to third George Green to second
|
Batting: RHB Christian Moss
|
0-0: Called Strike 0-1: Ball 1-1: SINGLE (Groundball, 34D) Irwin Robinson scores George Green to third Runner from 3rd tries for Home, SAFE, no throw or cutoff
|
Batting: RHB Robert Cannon
|
0-0: Called Strike 0-1: Called Strike 0-2: Ball 1-2: Ball 2-2: Strikes out looking
|
Bottom of the 8th over - 3 run(s), 2 hit(s), 1 error(s), 1 left on base; Maize HS 10 - Broken Arrow HS 8 |
TOP OF THE 9TH |
Maize HS batting - Pitching for Broken Arrow HS : RHP Bob Freitas
|
Pitching: RHP Millard Ford
|
|
Batting: RHB Raúl González
|
0-0: Foul Ball, location: 2F 0-1: Foul Ball, location: 2F 0-2: Ball 1-2: Ground out 1-3 (Groundball, 15S)
|
Batting: RHB Russ Underwood
|
0-0: Called Strike 0-1: Ball 1-1: Foul Ball, location: 2F 1-2: Strikes out swinging
|
Batting: LHB James Macías
|
0-0: Ball 1-0: Ball 2-0: Swinging Strike 2-1: Ball 3-1: Fly out, F4 (Popup, 4D)
|
Top of the 9th over - 0 run(s), 0 hit(s), 0 error(s), 0 left on base; Maize HS 10 - Broken Arrow HS 8 |
BOTTOM OF THE 9TH |
Broken Arrow HS batting - Pitching for Maize HS : RHP Dan Ramsey
|
Pitching: RHP Charlie Mobley
|
|
Batting: LHB António Chávez
|
0-0: Fly out, F8 (Flyball, 8LM)
|
Batting: RHB Ronnie Starr
|
0-0: Swinging Strike 0-1: Fly out, F7 (Flyball, 78M)
|
Batting: RHB Víctor León
|
0-0: Ball 1-0: Called Strike 1-1: Ball 2-1: Ground out 6-3 (Groundball, 56)
|
Bottom of the 9th over - 0 run(s), 0 hit(s), 0 error(s), 0 left on base; Maize HS 10 - Broken Arrow HS 8 |
|